 Dungeon Crawl Stone Soup version 0.27.0-1-g7a089689b8 (webtiles) character file.

Game seed: 4559159071178726548

270 mandarbmax the Ruffian (level 6, -4/48 HPs)
             Began as a Minotaur Transmuter on July 31, 2021.
             Slain by a gnoll shaman (7 damage)
             ... on level 2 of the Dungeon.
             The game lasted 00:04:59 (3553 turns).

mandarbmax the Ruffian (Minotaur Transmuter)        Turns: 3553, Time: 00:05:00

Health: -4/48      AC:  3    Str: 15    XL:     6   Next: 1%
Magic:  4/8        EV: 11    Int: 12    God:
Gold:   128        SH:  4    Dex: 10    Spells: 3/9 levels left

rFire    . . .     SeeInvis .     - Unarmed
rCold    . . .     Faith    .   g - +0 buckler
rNeg     . . .     Spirit   .   a - +0 robe
rPois    .         Reflect  .   (helmet restricted)
rElec    .         Harm     .   i - +0 cloak
rCorr    .         Rampage  .   (no gloves)
Will     .....                  (no boots)
Stlth    +.........             (no amulet)
HPRegen  0.16/turn              (no ring)
MPRegen  0.11/turn              (no ring)

@: lit by a corona, flying, very slightly contaminated, glowing, invisible (but
backlit and visible)
A: horns 2, retaliatory headbutt
a: no special abilities


You were on level 2 of the Dungeon.
You visited 1 branch of the dungeon, and saw 3 of its levels.

You collected 128 gold pieces.

Inventory:

Armour
 a - a +0 robe (worn)
 g - a +0 buckler (worn)
 i - a +0 cloak (worn)
Scrolls
 b - a scroll of noise {unknown}
 e - a scroll of blinking {unknown}
 f - a scroll of teleportation {unknown}
 h - 2 scrolls of immolation {unknown}


   Skills:
 - Level 2.0 Fighting
 - Level 2.1 Dodging
 + Level 2.7 Shields
 - Level 4.0 Unarmed Combat
 - Level 2.0 Spellcasting
 - Level 4.0 Transmutations


You had 3 spell levels left.
You knew the following spells:

 Your Spells              Type           Power      Damage    Failure   Level
a - Beastly Appendage     Tmut           20%        N/A       6%          1
b - Wereblood             Tmut           10%        N/A       9%          2
c - Spider Form           Tmut/Pois      3%         N/A       38%         3

Your spell library contained the following spells:

 Spells                   Type           Power      Damage    Failure   Level
 Ice Form                 Ice/Tmut       6%         N/A       80%         4


Dungeon Overview and Level Annotations

Branches:
Dungeon (3/15)

Altars:


Innate Abilities, Weirdness & Mutations

You have a pair of horns on your head.
You reflexively headbutt those who attack you in melee.


Message History

Unknown command.
Your talons disappear.
Your magical contamination has completely faded away.
Your primal bloodlust is almost over.
There is a stone staircase leading up here.
The gnoll shaman hits you with a +0 whip.
* * * LOW HITPOINT WARNING * * *
You block the gnoll's attack.
You climb upwards.
There is a stone staircase leading down here.
You closely miss the gnoll shaman.
You headbutt the gnoll shaman, but do no damage.
The gnoll shaman is severely wounded.
You block the gnoll shaman's attack.
You barely miss the gnoll shaman. Your headbutt misses the gnoll shaman.
The gnoll shaman is severely wounded.
The gnoll shaman hits you with a +0 whip.
* * * LOW HITPOINT WARNING * * *
Unknown command.
You hit the gnoll shaman. Your headbutt misses the gnoll shaman.
The gnoll shaman is almost dead.
You howl as the wereblood boils in your veins!
Your primal bloodlust has ended.
The gnoll shaman prays to its god.
The gnoll shaman is healed somewhat.
Unknown command.
It was a potion of flight.
You feel very buoyant.
You fly up into the air.
The gnoll shaman hits you with a +0 whip.
* * * LOW HITPOINT WARNING * * *
It was a potion of invisibility.
You become transparent, but the glow from your corona prevents you from becoming completely invisible.
The gnoll shaman barely misses you.
You are very lightly contaminated with residual magic.
Okay, then.
As you read the scroll of summoning, it crumbles to dust.
Wisps of shadow whirl around you...
The gnoll shaman hits you with a +0 whip!
You die...

########...####.###...###.
#...^....#...#............
#.###.)....#.#..###...###.
#>###...#.##....####.## #.
#.#.......##.........# #.
#..........#.#.#####.## #.
##......b.÷#.#.# ##...####
#.##..g.g.K.#.###.....###
#.##..S.@.#[#.##.........
###########..........<###
#.#........#### #####
#.............. #..)#
#.#.....#.##### #...#
#.#.......### # ### #...#
#.#÷#####...### #.# #)#
###.# #.....# ###.# ♣♣.♣
#.# #.....#


You could see a gnoll shaman (ally target), a friendly hobgoblin (summoned), a
friendly bat (summoned), a friendly ball python (summoned) and a friendly kobold
(summoned).

Vanquished Creatures
  Sigmund (D:2)
  Crazy Yiuf (D:2)
  Jessica (D:2)
  Natasha (twice) (D:2)
  A gnoll (D:3)
  2 adders
  2 dart slugs
  3 endoplasms
  3 giant cockroaches (D:1)
  4 goblins
  A hobgoblin (D:1)
  2 jackals (D:1)
  A quokka (D:1)
  3 ball pythons
  5 bats
  A frilled lizard (D:1)
  4 kobolds
  3 rats (D:2)
40 creatures vanquished.

Notes
Turn   | Place    | Note
-------+----------+-------------------------------------------
     0 | D:1      | mandarbmax the Minotaur Transmuter began the quest for the
                  | Orb.
     0 | D:1      | Reached XP level 1. HP: 16/16 MP: 1/1
   827 | D:1      | Reached XP level 2. HP: 23/23 MP: 0/3
  1503 | D:1      | Learned a level 2 spell: Wereblood
  1976 | D:2      | Reached XP level 3. HP: 22/29 MP: 2/4
  2151 | D:2      | Noticed Sigmund
  2168 | D:2      | Killed Sigmund
  2169 | D:2      | Reached XP level 4. HP: 31/36 MP: 2/6
  2169 | D:2      | Reached XP level 5. HP: 36/41 MP: 2/7
  2327 | D:2      | Noticed Natasha
  2329 | D:2      | Found a faded altar of an unknown god.
  2339 | D:2      | Killed Natasha
  2340 | D:2      | Reached skill level 1 in Shields
  2594 | D:2      | Found a runed translucent door.
  2595 | D:2      | Noticed Crazy Yiuf
  2711 | D:2      | Noticed Jessica
  2718 | D:2      | Killed Jessica
  2830 | D:2      | Noticed Natasha
  2842 | D:2      | Killed Natasha
  2903 | D:2      | Learned a level 3 spell: Spider Form
  3250 | D:2      | Killed Crazy Yiuf
  3528 | D:3      | Reached XP level 6. HP: 44/48 MP: 2/8
  3553 | D:2      | Slain by a gnoll shaman

Illustrated notes

Levels and vault maps discovered:
D:1:      kilobyte_arrival_exit_the_forest, layout_loops_corners, minmay_3d_cube
D:2:      layout_loops_ring, basic_ecumenical_altar, minivault_27, uniq_jessica,
          uniq_sigmund, uniq_natasha, uniq_crazy_yiuf_cottage
D:3:      minmay_chambers_of_twos, layout_loops_cross, minmay_statues_item

Skill      XL: |  1  2  3  4  5 |
---------------+----------------+-----
Unarmed Combat | 4 |  4.0
Fighting       | 2 |  2.0
Transmutations | 3 4 |  4.0
Spellcasting   | 2 |  2.0
Shields        | 2 |  2.7
Dodging        | |  2.1

Action                   |  1- 3 |  4- 6 || total
-------------------------+-------+-------++-------
Melee: Unarmed           |    52 |    59 ||   111
       Headbutt          |     5 |    10 ||    15
       Kick              |     4 |     9 ||    13
       Punch             |     1 |       ||     1
 Cast: Beastly Appendage |    21 |    16 ||    37
       Wereblood         |     3 |     5 ||     8
       Spider Form       |       |     1 ||     1
  Use: Scroll            |     1 |     1 ||     2
       Potion            |       |     3 ||     3
Armor: Robe              |     9 |     7 ||    16
Dodge: Dodged            |    29 |    30 ||    59
Block: Buckler           |       |     6 ||     6
